 Dungeon Crawl Stone Soup version 0.31-a0-986-g5e6e4ef867 (webtiles) character file.

Game seed: 16333288276262145921

2724 avis the Nimble (level 9, -1/40 HPs)
             Began as a Felid Shapeshifter on Nov 16, 2023.
             Slain by a centaur (4 damage)
             ... on level 6 of the Dungeon.
             The game lasted 00:33:42 (7001 turns).

avis the Nimble (Felid Shapeshifter)                Turns: 7001, Time: 00:33:43

Health: -1/40      AC:  2    Str: 16    XL:     9   Next: 40%
Magic:  10/10      EV: 26    Int: 11    God:
Gold:   183        SH:  0    Dex: 20    Spells: 6/8 levels left
                                        Lives:  0   Deaths: 3

rFire   . .          .
                       - Unarmed
rCold   . . .        (shield unavailable)
rNeg    + . .        (body armour unavailable)
rPois   .            (helmet unavailable)
rElec   .            (cloak unavailable)
rCorr   .            (gloves unavailable)
SInv    +            (boots unavailable)
Will    +....        (no amulet)
Stlth   +            j - +6 ring of strength
HPRegen 0.26/turn    k - ring of positive energy
MPRegen 0.12/turn

%: no passive effects
@: flux-form, glowing, quick
A: glow, contaminating, very small, claws 1, fangs 3, see invisible, speed 1,
shaggy fur 2, stealthy paws, no weapons or thrown items, no armour, multi-lived
a: Begin Untransformation


You were on level 6 of the Dungeon.
You were something dangerously unstable.
You visited 2 branches of the dungeon, and saw 7 of its levels.
You also visited: Sewer.

You collected 183 gold pieces.

Inventory:

Jewellery
 j - a +6 ring of strength (left paw)
 k - a ring of positive energy (right paw)
Talismans
 b - a beast talisman
 f - a flux talisman (active)
 m - a maw talisman
 s - a storm talisman
Wands
 x - a wand of iceblast (7)
Scrolls
 a - a scroll of enchant weapon {unknown}
 c - a scroll of amnesia {unknown}
 d - 3 scrolls of vulnerability {unknown}
 e - 10 scrolls of identify
 g - 2 scrolls of fog {unknown}
 i - 4 scrolls of fear {unknown}
 l - a scroll of noise {unknown}
 p - 2 scrolls of teleportation {unknown}
 r - a scroll of revelation {unknown}
 u - 2 scrolls of summoning {unknown}
 y - a scroll of silence {unknown}
 B - 2 scrolls of blinking {unknown}
 C - a scroll of immolation {unknown}
Potions
 h - 2 potions of might
 n - 2 potions of attraction {unknown}
 o - 2 potions of magic {unknown}
 q - a potion of ambrosia {unknown}
 t - a potion of brilliance {unknown}
 v - a potion of invisibility {unknown}
 w - a potion of mutation {unknown}
 z - a potion of cancellation {unknown}
 A - a potion of curing {unknown}
 D - 2 potions of haste {unknown}
 E - 2 potions of enlightenment {unknown}


   Skills:
 - Level 5.0 Fighting
 - Level 11.0 Dodging
 - Level 5.0 Unarmed Combat
 * Level 8.4 Shapeshifting


You had 6 spell levels left.
You knew the following spells:

 Your Spells              Type           Power      Damage    Failure   Level
e - Wereblood             Tmut           0%         N/A       47%         2

Your spell library contained the following spells:

 Spells                   Type           Power      Damage    Failure   Level
 Magic Dart               Conj           0%         1d3       34%         1
 Slow                     Hex            0%         N/A       34%         1
 Searing Ray              Conj           0%         2d4       47%         2
 Confusing Touch          Hex            0%         N/A       71%         3
 Ozocubu's Armour         Ice            0%         N/A       71%         3
 Sigil of Binding         Hex            0%         N/A       71%         3
 Vampiric Draining        Necr           0%         2d6       71%         3
 Fulminant Prism          Conj/Hex       0%         3d5       98%         4
 Irradiate                Conj/Tmut      0%         3d11      100%        5
 Ozocubu's Refrigeration  Ice            0%         4d7       100%        7


Dungeon Overview and Level Annotations

Branches:
Dungeon (6/15)             Temple (1/1) D:4           Sewer (visited)

Altars:
Ashenzari
Dithmenos
Elyvilon
Fedhas
Hepliaklqana
Nemelex Xobeh
Ru
Sif Muna
Uskayaw
Vehumet
Wu Jian
Xom
Yredelemnul
Zin

Portals:
Ossuary: D:6


Innate Abilities, Weirdness & Mutations

You are something dangerously unstable.
You glow with magical radiation, making you easy to see and hit.
Foes you strike become dangerously contaminated with magical radiation.
You have sharp claws.
You have razor-sharp teeth.
You have supernaturally acute eyesight. (SInv)
You cover ground quickly. (Speed+)
You are covered in thick fur. (AC +2)
Your paws help you pounce on unaware monsters.
You are incapable of wielding weapons or throwing items.
You cannot wear armour.
You gain extra lives every three experience levels.


Message History

The ufetubus completely misses you. The ufetubus closely misses you.
You scratch the ufetubus.
The ufetubus glows dangerously bright.
The ufetubus is lightly wounded.
The ufetubus hits you. The ufetubus misses you. x3
You claw the ufetubus!
The ufetubus shudders as magic cascades through it.
You kill the ufetubus!
You open the door.
Found a leather armour.
There is an open door here.
Found a sand-covered staircase.
A centaur comes into view.
The centaur shouts!
The centaur wields a +0 shortbow.
The centaur shoots an arrow.
The arrow hits you!
The centaur shoots an arrow.
The arrow misses you.
The centaur shoots an arrow.
The arrow misses you.
The centaur shoots an arrow.
The arrow hits you!
* * * LOW HITPOINT WARNING * * *
The centaur shoots an arrow.
The arrow completely misses you.
The centaur unwields a +0 shortbow.
The centaur hits you.
* * * LOW HITPOINT WARNING * * *
The centaur completely misses you.
You scratch the centaur.
The centaur begins to glow.
You bite the centaur.
The centaur is moderately wounded.
The centaur hits you.
* * * LOW HITPOINT WARNING * * *
The centaur completely misses you.
You scratch the centaur but do no damage.
The centaur glows dangerously bright.
You bite the centaur.
The centaur is moderately wounded.
The centaur barely misses you. The centaur misses you.
You scratch the centaur.
The centaur shudders as magic cascades through it!
The centaur twists and deforms.
The centaur is severely wounded.
You hear the quick hiss of an avalanche of sand.
The centaur hits you but does no damage.
The centaur completely misses you. The centaur hits you.
You die...

# #.....# #
#..[..#
.......
#.....#
..#####
#.....# ..#
###.....####
..+
#.....#....#
..#
#..........#
..#
#..........#
###
#.cp...∩...#
#..........#
#.........##
#.....#####
#.....#
#.....#
##.....
#.....#


You could see a centaur (misshapen).

Vanquished Creatures
  Pikel (D:4)
  Sigmund (D:3)
  A water moccasin (D:5)
  Duvessa (D:4)
  3 black bears
  3 ogres (D:5)
  A centaur (D:5)
  2 phantoms (D:6)
  A kobold brigand (D:5)
  A gnoll sergeant (D:6)
  Blork the orc (D:3)
  2 bullfrogs (Sewer)
  2 scorpions
  Dowan (D:4)
  2 jellies (D:4)
  An orc priest (D:6)
  2 hounds
  4 iguanas
  Jessica (D:3)
  Natasha (thrice) (D:3)
  An orc wizard (D:6)
  4 river rats (Sewer)
  14 adders
  A white imp (D:5)
  2 ufetubi (D:6)
  2 worms
  4 dart slugs
  6 orcs
  7 bats
  3 endoplasms
  16 giant cockroaches
  2 goblins
  5 hobgoblins
  6 jackals
  12 kobolds
  3 quokkas
  13 ball pythons
  4 frilled lizards
  23 rats
162 creatures vanquished.

Notes
Turn   | Place    | Note
-------+----------+-------------------------------------------
     0 | D:1      | avis the Felid Shapeshifter began the quest for the Orb.
     0 | D:1      | Reached XP level 1. HP: 9/9 MP: 2/2
   229 | D:1      | Reached skill level 3 in Dodging
   240 | D:1      | Found a faded altar of an unknown god.
   263 | D:1      | Reached XP level 2. HP: 9/12 MP: 3/3
   771 | D:1      | Reached XP level 3. HP: 15/15 MP: 4/4
  2060 | D:3      | Reached skill level 5 in Shapeshifting
  2092 | D:2      | Reached XP level 4. HP: 19/19 MP: 5/5
  2141 | D:3      | Found a shimmering altar of Xom.
  2229 | D:3      | Found a glowing silver altar of Zin.
  2368 | D:3      | Noticed Jessica
  2391 | D:3      | Killed Jessica
  2501 | D:3      | Noticed Sigmund
  2653 | D:3      | Killed Sigmund
  2654 | D:3      | Reached skill level 5 in Dodging
  2654 | D:3      | Reached XP level 5. HP: 22/22 MP: 6/6
  2751 | D:3      | Gained mutation: You are covered in thick fur. (AC +2)
                  | [Felid growth]
  2751 | D:3      | Reached XP level 6. HP: 25/26 MP: 7/7
  3226 | D:4      | Noticed Natasha
  3226 | D:4      | Noticed Blork the orc
  3239 | D:3      | Slain by Blork the orc
  3331 | D:3      | Reached skill level 6 in Dodging
  3437 | D:3      | Killed Natasha
  3443 | D:4      | Found a glowing drain.
  3459 | Sewer    | Entered a sewer
  3840 | Sewer    | HP: 1/39 [bullfrog (3)]
  3841 | Sewer    | Slain by an adder
  3900 | Sewer    | Reached XP level 7. HP: 13/30 MP: 8/8
  4121 | D:4      | Noticed Duvessa
  4121 | D:4      | Noticed Dowan
  4165 | D:4      | Killed Duvessa
  4283 | D:4      | Killed Dowan
  4305 | D:3      | Noticed Natasha
  4312 | D:3      | Killed Natasha
  4313 | D:3      | Reached skill level 7 in Dodging
  4313 | D:3      | Noticed Natasha
  4320 | D:3      | Killed Natasha
  4561 | D:3      | Killed Blork the orc
  4705 | D:4      | Learned a level 2 spell: Wereblood
  4730 | D:4      | Found a staircase to the Ecumenical Temple.
  4747 | Temple   | Entered the Ecumenical Temple
  4771 | D:4      | Noticed Pikel
  4783 | D:4      | Killed Pikel
  4784 | D:4      | Reached skill level 9 in Dodging
  4784 | D:4      | Reached XP level 8. HP: 23/36 MP: 9/9
  5430 | D:5      | Entered Level 5 of the Dungeon
  5441 | D:5      | Reached skill level 5 in Fighting
  5542 | D:5      | Reached skill level 5 in Unarmed Combat
  5661 | D:5      | Reached skill level 10 in Dodging
  5797 | D:4      | Reached XP level 9. HP: 21/40 MP: 10/10
  6225 | D:5      | Reached skill level 11 in Dodging
  6911 | D:6      | Slain by a gnoll
  6990 | D:6      | Found a sand-covered staircase.
  6999 | D:6      | HP: 2/40 [centaur (4)]
  7001 | D:6      | Slain by a centaur

Illustrated notes

Levels and vault maps discovered:
D:1:      evilmike_arrival_crescent, layout_basic,
          shapermc_ecumenical_altar_venn, serial_bayou, serial_bayou_lagoon_b,
          serial_bayou_shore_b, serial_bayou_shore_b, serial_bayou_lagoon_a,
          chequers_serial_rivers_micro_b, hangedman_decor_growths,
          minmay_bisected
D:2:      layout_loops_corners
D:3:      minmay_roachtagon, layout_basic, mainiacjoe_overflow_boulevard,
          mainiacjoe_overflow_brackets, uniq_sigmund, uniq_jessica
D:4:      layout_loops_ring, minmay_temple_entry_trees, portal_sewer_entry_f,
          uniq_natasha, uniq_duvessa, uniq_blork_the_orc, uniq_pikel
D:5:      layout_cave_pools, nicolae_figureground_sparkle
D:6:      layout_gridville, trog_hazing_becter, enter_ossuary_1
Temple:   nicolae_temple_no_exploring_needed

Skill      XL: |  1  2  3  4  5  6  7  8  9 |
---------------+----------------------------+-----
Dodging        | 3 5 6 9 10 11 | 11.0
Shapeshifting  | 4 5 6 7 8 |  8.4
Fighting       | 2 4 5 |  5.0
Unarmed Combat | 4 5 |  5.0

Action                     |  1- 3 |  4- 6 |  7- 9 || total
---------------------------+-------+-------+-------++-------
  Melee: Unarmed           |   110 |   151 |   227 ||   488
         Punch             |     3 |     4 |       ||     7
         Bite              |     6 |    14 |    33 ||    53
  Evoke: Wand              |       |       |     3 ||     3
    Use: Potion            |       |     2 |       ||     2
         Scroll            |       |       |     1 ||     1
   Stab: Sleeping          |     2 |       |       ||     2
 Armour: Skin              |    42 |    99 |    89 ||   230
  Dodge: Dodged            |   129 |   178 |   299 ||   606
   Form: Flux              |       |       |     1 ||     1

Table legend: (Time is in decaauts)
 A = Elapsed time spent in this place.
 B = Non-inter-level travel time spent in this place.
 C = Inter-level travel time spent in this place.
 D = Time resting spent in this place.
 E = Time spent auto-exploring this place.
 F = Levels seen in this place.
 G = Mean time per level.
                   A        B        C        D        E       F      G
               +--------+--------+--------+--------+--------+-----+--------+
         Total |   6135 |   5424 |    711 |   1371 |   2275 |   8 |  766.9 |
       Dungeon |   5392 |   4681 |    711 |   1040 |   2275 |   6 |  898.7 |
        Temple |    127 |    127 |      0 |    123 |      0 |   1 |  127.0 |
         Sewer |    615 |    615 |      0 |    208 |      0 |   1 |  615.0 |
               +--------+--------+--------+--------+--------+-----+--------+

Top non-repeatable levels by time:
     D:3: 1520 daAuts
     D:1: 1101 daAuts
     D:4: 915 daAuts
     D:5: 855 daAuts
     D:2: 751 daAuts
   Sewer: 615 daAuts
     D:6: 247 daAuts
  Temple: 127 daAuts
